 Dungeon Crawl Stone Soup version bcrawl-1.20.1 (webtiles) character file.

Game seed: 16193066520051924460

30 MisterOstroum the Skirmisher (level 3, -1/31 HPs)
             Began as a Djinni Archaeologist on Jan 25, 2020.
             Slain by an ogre
             ... wielding a +0 giant spiked club
              (32 damage)
             ... on level 2 of the Dungeon.
             The game lasted 00:01:39 (906 turns).

MisterOstroum the Skirmisher (Djinni Archaeologist)  Turns: 906, Time: 00:01:39

Health: -1/31      AC:  4    Str: 14    XL:     3   Next: 5%
Magic:  3/3        EV: 12    Int: 16    God:
Gold:   65         SH:  0    Dex:  9    Spells: 2/2 levels left

rFire    . . .     SeeInvis .   b - +0 spear
rCold    . . .     Gourm    .   (no shield)
rNeg     . . .     Faith    .   q - +1 robe
rPois    .         Spirit   .   c - +1 hat
rElec    .         Reflect  .   (no cloak)
rCorr    .         Harm     .   (no gloves)
MR       .....     Rnd*Rage +   (boots unavailable)
Stlth    ++........             (no amulet)
HPRegen  0.10/turn              (no ring)
MPRegen  0.08/turn              (no ring)

@: flying, studying Evocations
A: never pass out, berserk 2, blurry vision 2, wild magic 1, MP-powered wands,
floating
a: no special abilities


You were on level 2 of the Dungeon.
You were not hungry.

You visited 1 branch of the dungeon, and saw 2 of its levels.

You collected 65 gold pieces.

Inventory:

Hand Weapons
 a - a +0 whip
 b - a +0 spear (weapon)
Missiles
 m - 212 sling bullets
 n - 195 stones (quivered)
 s - 148 arrows
Armour
 c - a +1 hat (worn)
 d - a +1 robe
 o - a +1 hat
 q - a +1 robe (worn)
Scrolls
 i - 2 scrolls of identify {unknown}
 j - 2 scrolls of blinking {unknown}
 k - a scroll of enchant armour {unknown}
 l - a scroll of enchant weapon {unknown}
 r - a scroll of teleportation {unknown}
Potions
 p - a potion of lignification {unknown}
Books
 g - a manual of Evocations
Miscellaneous
 f - an ancient crate
Comestibles
 e - 3 rations {!d}
 h - 3 chunks of flesh


   Skills:
 * Level 3.3 Fighting
 - Level 1.0 Maces & Flails
 * Level 0.0 Polearms
 - Level 3.0 Dodging
 - Level 2.4 Stealth
 + Level 0.2 Evocations


You had 2 spell levels left.
You didn't know any spells.
Your spell library was empty.

Dungeon Overview and Level Annotations

Branches:
Dungeon (2/12)

Altars:
Wu Jian


Innate Abilities, Weirdness & Mutations

You never pass out after going berserk.
You often lose your temper in combat.
Scrolls take you longer to read.
Your spells are a little harder to cast, but a little more powerful.
You expend magic power (3 MP) to strengthen your wands.
Your body floats in the air.


Message History

No target in view!
No target in view!
No target in view!
No target in view!
No target in view!
No target in view!
No target in view!
No target in view!
No target in view!
n - 195 stones (gained 4)
Things that are here:
a +0 dagger; a kobold corpse
i - 2 scrolls labeled SEETEV XOOBEL (gained 1)
Things that are here:
a +0 dagger; a kobold corpse You reach down and open the door.
There is an open door here.
p - a smoky white potion You reach down and open the door.
There is an open door here.
There is an open door here.
You reach down and open the door.
A dart slug comes into view.
There is an open door here.
The helpless dart slug fails to defend itself.
You hit the dart slug.
The dart slug is moderately wounded.
The dart slug bites you but does no damage.
You hit the dart slug.
The dart slug is moderately wounded.
You hit the dart slug.
The dart slug is almost dead.
The dart slug launches a dart at you. The slug dart hits you!
You hit the dart slug.
You kill the dart slug!
You have reached level 3!
Your experience leads to an increase in your attributes!
Increase (S)trength, (I)ntelligence, or (D)exterity?
You feel stronger.
You have an epiphany!
The dusty tome is a manual of Evocations!
Reading it may be key to unlocking the crate...
You butcher the dart slug corpse.
h - 4 chunks of flesh (gained 2)
You reach down and open the door.
There is an open door here.
Found a stone staircase leading down.
You see here a +0 club.
There is an escape hatch in the floor here.
Some of the chunks of flesh in your inventory have rotted away.
Done exploring.
Done exploring.
No target in view!
No target in view!
You see here a +0 dagger.
You see here a spear.
q - a spear Wield which item (- for none, * to show all)? (? for menu, Esc to quit)
q - a +0 spear (weapon)
Adjust to which letter? (? for menu, Esc to quit)
b - a +0 spear (weapon);
q - a +1 robe (worn)
Done exploring.
Done exploring.
Done exploring.
No target in view!
(D) Dungeon
Where to? (? - help)
There is a stone staircase leading down here.
You fly downwards.
Found a scroll labeled IXAUCW XECYETZ and 148 arrows.
There is a stone staircase leading up here.
r - a scroll labeled IXAUCW XECYETZ
Found a scroll labeled VYR KYOQALYU.
Found an ornate altar of the Wu Jian Council.
You see here 148 arrows.
s - 148 arrows
j - 2 scrolls labeled VYR KYOQALYU (gained 1)
An ogre comes into view. It is wielding a +0 giant spiked club.
The ogre shouts!
An ogre is nearby!
An ogre is nearby!
Attack whom?
Press: ? - help, Dir - move target cursor, f - ogre
Aim: an ogre, wielding a +0 giant spiked club You reach to attack!
You barely miss the ogre. You hit the ogre.
The ogre is lightly wounded.
The ogre barely misses you.
You hit the ogre.
The ogre is lightly wounded.
You barely miss the ogre.
The ogre is lightly wounded.
The ogre hits you but does no damage.
You hit the ogre.
The ogre is moderately wounded.
The ogre closely misses you.
You closely miss the ogre.
The ogre is moderately wounded.
The ogre hits you with a +0 giant spiked club!!
Ouch! That really hurt!
You die...

.# #####. #..... ###
#.# #.... ....#.#.##.#
# #..........#.#.##.#
#.##...##.##..#.#.##.#
#.....O#...#..#.#.##.#
#...@.._......#.##.#
###..#...#....#.##.#
#..##.##.......#<#
#................#
#..........##..###
#####......##..#
#............#
#.##########.#
#........ ..#


You could see an ogre.

Vanquished Creatures
  2 dart slugs (D:1)
  A ball python (D:1)
  2 bats (D:1)
  A giant cockroach (D:1)
  3 goblins (D:1)
  A hobgoblin (D:1)
  4 jackals (D:1)
  2 kobolds (D:1)
  5 frilled lizards (D:1)
  6 rats (D:1)
27 creatures vanquished.

Notes
Turn   | Place    | Note
-------+----------+-------------------------------------------
     0 | D:1      | MisterOstroum the Djinni Archaeologist began the quest for
                  | the Orb.
     0 | D:1      | Reached XP level 1. HP: 16/16 MP: 1/1
   129 | D:1      | Reached XP level 2. HP: 24/25 MP: 2/2
   787 | D:1      | Reached XP level 3. HP: 30/31 MP: 3/3
   880 | D:2      | Found an ornate altar of the Wu Jian Council.
   898 | D:2      | Noticed an ogre
   906 | D:2      | Slain by an ogre

Skill      XL: |  1  2 |
---------------+-------+-----
Fighting       | 2 3 |  3.3
Maces & Flails | |  1.0
Dodging        | |  3.0
Stealth        | |  2.4
Evocations     | |  0.2

Action                   || total
-------------------------++-------
Melee: Whip              ||    93
       Spear             ||     6
 Stab: Sleeping          ||     4
Armor: Robe              ||    37
Dodge: Dodged            ||    99
